[Event "Kwalificatie NJK B Groningen"]
[Site "Hoogkerk, Netherlands"]
[Date "2023.02.18"]
[Round "1.1"]
[White "Terlouw, Wouter"]
[Black "Sterk, Ralf"]
[Result "1-0"]
[TimeControl "55 min. + 10 sec./zet"]
[WhiteElo "1925"]
[BlackElo "1592"]

1. d4 Nf6 2. c4 g6 3. f3 d5 4. cxd5 Nxd5 5. e4 Nb6 6. Nc3 Bg7 7. Be3 O-O 8. Qd2 Nc6 9. O-O-O a5 10. g4 a4 11. h4 Na5 12. Bf4 Nbc4 13. Bxc4 Nxc4 14. Qd3 b5 15. Nxb5 Ba6 16. Qxc4 Rb8 17. Kb1 Rxb5 18. Qxc7 Bxd4 19. Qxd8 Rxb2+ 20. Kc1 Rxd8 21. Rxd4 Rxd4 22. Kxb2 Rb4+ 23.
Ka3 Rd4 24. h5 f6 25. hxg6 hxg6 26. Rh2 e5 27. Rd2 Rc4 28. Bg3 Bb5 29. Ne2 Kf7 30. Rb2 Bc6 31. Rd2 Bb5 32. Bf2 Ke7 33. Be3 Kf7 34. Kb2 Rb4+ 35. Kc1 Rc4+ 36. Kd1 Ke7 37. Rd5 Bc6 38. Rc5 Rxc5 39. Bxc5+ Ke6 40. Ng3 Bb5 41. Kc2 Kf7 42. Kc3 Ke6 43. Kb4 Bc6 44. a3 Bd7 45. Be3 Bc6 46. Ka5 Bd7 47. Bd2 Bc6 48. Kb4
Bd7 49. Ne2 f5 50. Nc3 fxe4 51. fxe4 Bc6 52. Nxa4 Kd6 53. Nc5 Ba8 54. Kb5 Kc7 55. Bc3 Kd6 56. Kb6 Bc6 57. a4 Ba8 58. a5 Bc6 59.
Nb7 Bxb7 60. Kxb7 g5 61. a6 Ke6 62. a7 Kd6 63. a8=Q Ke6 64. Kc7 Ke7 65. Qd8 Ke6 66. Qe8+ Kf6 67. Bxe5+ 1-0

[Event "Kwalificatie NJK B Groningen"]
[Site "Hoogkerk, Netherlands"]
[Date "2023.02.18"]
[Round "1.2"]
[White "Blok, Xaveer"]
[Black "Van Hesselingen, Guido"]
[Result "0-1"]
[TimeControl "55 min. + 10 sec./zet"]
[WhiteElo "1581"]
[BlackElo "1908"]

1. e4 e5 2. Nf3 Nc6 3. Bc4 Bc5 4. c3 Nf6 5. d3 d6 6.
a4 a5 7. O-O O-O 8. Bg5 Be6 9. Nbd2 Qe7 10. Qb3 Kh8 11. Bxf6 Qxf6 12. Qxb7 Bd7 13. Qb3 Rab8 14. Qc2 Qe7 15. Nb3 Bb6 16. d4 Bg4 17. d5 Bxf3 18. gxf3 Qg5+ 19. Kh1 Ne7 20. Rg1 Qh4 21. Rg3 f5 22. Rag1 Rf7 23. Nc1 fxe4 24. Qxe4 Qxe4 25.
fxe4 Bxf2 26. Rf1 Bxg3 27. Rxf7 Bh4 28. Nd3 Kg8 29. Rf1 g5 30. b4 Ra8 31. bxa5 Rxa5 32. Bb5 Nc8 33. c4 Nb6 34.
Ra1 g4 35. Kg2 h5 36. c5 dxc5 37. Nxc5 Nxa4 38. Bxa4 Rxc5 39. Be8 Rc2+ 40. Kg1 Bf2+ 41. Kf1 h4 42. Bd7 g3 43. hxg3 hxg3 44.
Bh3 Kg7 45. Ra6 Rc4 46. Bg2 Kf7 47. Re6 Bd4 48. Ra6 Rc2 49. Ra3 Rf2+ 50. Kg1 Ra2+ 0-1

[Event "Kwalificatie NJK B Groningen"]
[Site "Hoogkerk, Netherlands"]
[Date "2023.02.18"]
[Round "1.3"]
[White "Van Arendonk, Polle"]
[Black "Koppenens, Oscar"]
[Result "1-0"]
[TimeControl "55 min. + 10 sec./zet"]
[WhiteElo "1906"]
[BlackElo "1572"]

1. e4 e6 2. d4 d5 3. Nd2 Nf6 4. e5 Nfd7 5. Bd3 c5 6. c3 Nc6 7. Ne2 Be7 8. O-O O-O 9. f4 f6 10.
Nf3 Qb6 11. Kh1 Qc7 12. Qe1 fxe5 13. fxe5 c4 14. Bc2 b5 15. Bg5 Rxf3 16. Rxf3 Bxg5 17. Qg3 h6 18. h4 Bd8 19. Qg6 Nf8 20.
Rxf8+ Kxf8 21. Rf1+ Bf6 22. exf6 Kg8 23. Qh7+ Kf8 24. fxg7+ Ke7 25. Rf7+ Kxf7 26. g8=Q+ Kf6 27. Qgg6# 1-0

[Event "Kwalificatie NJK B Groningen"]
[Site "Hoogkerk, Netherlands"]
[Date "2023.02.18"]
[Round "1.4"]
[White "De Wit, Evan"]
[Black "Ritzerveld, Noah"]
[Result "0-1"]
[TimeControl "55 min. + 10 sec./zet"]
[WhiteElo "1567"]
[BlackElo "1868"]

1. d4 d5 2. c4 c6 3. Nf3 Nf6 4. g3 g6 5. Bg2 Bg7 6. O-O O-O 7. Nc3 Bf5 8. Bf4 Nbd7 9. Re1 Rc8 10. Nd2 Qb6 11. e4 dxe4 12. Nb3 Bg4 13. Qd2 Rfe8 14. Nxe4 Nxe4 15. Bxe4 e5 16. dxe5 Nxe5 17. Bxe5 Bxe5 18. Rab1 Be6 19. Bxg6 hxg6 20. Rxe5 Bxc4 21. Rbe1 Rxe5 22. Rxe5 Bxb3 23. axb3 Qxb3 24. Qd7 Rf8 25. Qd2 b6 26. Rh5 Re8 27. Rh4 Qd5 28. Qc3 Re5 29. b4 f6 30. Rd4 Qe6 31. Rd8+ Kg7 32. b5 Rxb5 33. Qa3 Qe1+ 34. Kg2 Qe4+ 0-1

[Event "Kwalificatie NJK B Groningen"]
[Site "Hoogkerk, Netherlands"]
[Date "2023.02.18"]
[Round "1.5"]
[White "Krylov, Philippe"]
[Black "Veraart, Jan"]
[Result "1-0"]
[TimeControl "55 min. + 10 sec./zet"]
[WhiteElo "1862"]
[BlackElo "1562"]

1. d4 d5 2. c4 e6 3. Nc3 c5 4. cxd5 exd5 5. Nf3 Nf6 6. g3 Nc6 7. Bg2 cxd4 8. Nxd4 Bc5 9. Nb3 Bb6 10. Nxd5 O-O 11.
O-O Be6 12. e4 Nd7 13. Qe2 f5 14. Be3 fxe4 15. Bxe4 Nf6 16. Nxf6+ Qxf6 17. Bxb6 axb6 18. f4 Nd4 19. Qd3 Rfd8 20. Bxh7+ Kh8 21. Nxd4 Rxd4 22. Qg6 Qe7 23. Qh5 Rd5 24. Bf5+ Kg8 25. Qh7+ Kf8 26. Bxe6 Qxe6 27. Rae1 Qh6 28. Qxh6 gxh6 29. Re6 Rxa2 30. Rxb6 Rd7 31. Rf2 Kg7 32. g4 Ra4 33. Kg2 Re4 34. Kg3 Re3+ 35. Rf3 Re2 36. Rfb3 Rdd2 37. Rxb7+ Kf8 38. Kf3 Rxh2 39. Ra3 Rhf2+ 40. Ke4 Rfe2+ 41. Kf5 Rd5+ 42. Kg6 Rd6+ 43. Kh7 Re8 44. Raa7 1-0

[Event "Kwalificatie NJK B Groningen"]
[Site "Hoogkerk, Netherlands"]
[Date "2023.02.18"]
[Round "1.6"]
[White "Folkers, Sono"]
[Black "Van Foreest, Nanne"]
[Result "0-1"]
[TimeControl "55 min. + 10 sec./zet"]
[WhiteElo "1559"]
[BlackElo "1862"]

1. e4 c5 2. d4 cxd4 3. c3 d5 4. exd5 Qxd5 5. Nf3 Nf6 6. Qxd4 e6 7.
Qxd5 Nxd5 8. Bb5+ Bd7 9. Bxd7+ Nxd7 10. O-O Bc5 11. b4 Bb6 12. Bb2 Rc8 13. a3 N7f6 14. Ne5 Bc7 15. Nf3 Bb6 16.
Ne5 Bc7 17. Nf3 Nb6 18. Nbd2 Na4 19.
Rab1 O-O 20. Ba1 Rfd8 21. g3 Rd3 22. Rb3 Rcd8 23. c4 Rxd2 24. Nxd2 Rxd2 25. f3 Nb6 26. c5 Nbd5 27. Rf2 Rd1+ 28. Rf1 Rxf1+ 29. Kxf1 Kf8 30. Ke2 Ke7 31. Kd3 h5 32. f4 h4 33. Ke2 Ng4 34.
Kf3 Nxh2+ 35. Kg2 hxg3 36. Rxg3 Nxf4+ 37. Kxh2 Ne2 0-1

[Event "Kwalificatie NJK B Groningen"]
[Site "Hoogkerk, Netherlands"]
[Date "2023.02.18"]
[Round "1.7"]
[White "Niemeijer, LÃ©on"]
[Black "Winter, Sven"]
[Result "1-0"]
[TimeControl "55 min. + 10 sec./zet"]
[WhiteElo "1860"]
[BlackElo "1535"]

1. d4 d6 2. Nf3 Nf6 3. g3 g6 4. Bg2 Bg7 5. O-O O-O 6.
c4 c6 7.
Nc3 d5 8. cxd5 cxd5 9. Qb3 e6 10. Bg5 h6 11. Bxf6 Bxf6 12. e4 dxe4 13. Nxe4 Bg7 14. Rfd1 Nc6 15. Qc3 f5 16. Nc5 b6 17.
Nxe6 Bxe6 18. Qxc6 Rf6 19. Ng5 Bb3 20. Qxa8 Qxa8 21. Bxa8 Bxd1 22. Bd5+ Kh8 23. Nf7+ Kh7 24. Rxd1 f4 25. Bb3 a5 26. a4 g5 27.
Ne5 Rd6 28. Nc4 Rxd4 29. Rxd4 Bxd4 30. Bc2+ Kg7 31. gxf4 gxf4 32. Kg2 Kf6 33. h4 Ke6 34. Be4 Bc5 35. f3 Kf6 36. b3 Bd4 37. Kh3 h5 38. Kg2 Bc5 39.
Kf1 Bd4 40. Kg2 Bc5 41. Nb2 Bd4 42. Nd3 Be3 43. Kf1 Kg7 44. Ke2 Kh6 45. Ne1 Bg1 46. Ng2 Bh2 47. Kd3 Bg3 48. Kc4 Bf2 49. Kb5 Bc5 50.
Nxf4 Be3 51. Nd5 Bf2 52. Nxb6 Bxh4 53. Kxa5 Be1+ 54. Kb5 Kg5 55. a5 Kf4 56. a6 h4 57. a7 h3 58. a8=Q h2 59. Qh8 Bg3 60. Nd5+ Kg5 61. Qg7 Kh4 62. Qg4+ 1-0

[Event "Kwalificatie NJK B Groningen"]
[Site "Hoogkerk, Netherlands"]
[Date "2023.02.18"]
[Round "1.8"]
[White "Zdravkovic, Andrija"]
[Black "Snijders, Take"]
[Result "0-1"]
[TimeControl "55 min. + 10 sec./zet"]
[WhiteElo "1519"]
[BlackElo "1848"]

1. e4 c6 2. d4 d5 3. exd5 cxd5 4. Bd3 Nc6 5. c3 Nf6 6. Bf4 Bg4 7. Qb3 Qd7 8. Nd2 e6 9. Ngf3 Bd6 10. Bxd6 Qxd6 11.
Qxb7 Rb8 12. Qa6 O-O 13. Bb5 Rb6 14. Qa4 Rfb8 15. Bxc6 Rxc6 16.
Qc2 Bf5 17. Qc1 Rcb6 18. Nb3 Bd3 19. Qe3 Bc4 20. Nfd2 Rb5 21. Nxc4 dxc4 22. Nd2 Qd5 23. O-O Rxb2 24. Rab1 h6 25. Qe2 Ne4 26. Qxe4 Qxe4 27. Rxb2 Qf4 0-1

[Event "Kwalificatie NJK B Groningen"]
[Site "Hoogkerk, Netherlands"]
[Date "2023.02.18"]
[Round "1.9"]
[White "Ambrona Navarro, Himar"]
[Black "Elferink, Leon"]
[Result "1-0"]
[TimeControl "55 min. + 10 sec./zet"]
[WhiteElo "1847"]
[BlackElo "1517"]

1. d4 Nf6 2. Bg5 d5 3. Nd2 e6 4. e3 c5 5. Bd3 Nc6 6. c3 Be7 7. Ngf3 O-O 8. O-O Qc7 9. Qc2 h6 10. Bf4 Bd6 11. Bxd6 Qxd6 12. a3 b6 13. b4 cxb4 14. axb4 Bb7 15. Ba6 Bxa6 16. Rxa6 Rfc8 17. Qb3 Rc7 18. Rfa1 Rac8 19. b5 Nb8 20. Qa3 Qxa3 21. R6xa3 Rxc3 22. Rxc3 Rxc3 23. Rxa7 Nbd7 24. h3 Rc2 25. Nb3 Rc4 26. Ne5 Rb4 27. Nc5 Nxe5 28. dxe5 bxc5 29. Ra8+ Kh7 30. exf6 Rb1+ 31. Kh2 Rxb5 32. Ra7 Kg6 33. fxg7
Kxg7 34. Kg3 c4 35. Rc7 Rb2 36. f4 Kf6 37. Kf3 Rb1 38. g4 Rc1 39. h4 Rf1+ 40. Kg2 Rd1 41. Kf3 Rd3 42. Ke2 Ra3 43. Rc6 c3 44. Kd3 c2+ 45. Kd2 d4 46.
g5+ hxg5 47. fxg5+ Kg6 48. exd4 Rh3 49. d5 Rh2+ 50. Kc1 Kf5 51. d6 Rxh4 52. Rc5+ Kg6 53.
Rxc2 Rd4 54. Rd2 Rc4+ 55. Kb2 Rc8 56. Kb3 Kxg5 57. Kb4 Kf6 58. Kb5
e5 59. d7 Rd8 60. Kc6 Ke7 61. Rd5 f6 62. Kc7 e4 63. Rd4 f5 64. Rd5 Rxd7+ 65. Rxd7 Ke6 66. Kc6 Ke5 67. Re7+ Kd4 68. Rd7+ Ke5 69. Kc5 Kf4 70. Kd4 Kf3 71. Re7 Kf4 72. Re5 Kg5 73. Ke3 Kg4 74. Re8 Kg5 75. Rg8+ Kf6 76.
Kf4 Ke6 77. Rg6+ Kd5 78.
Rf6 Kd4 79. Rxf5 e3 80.
Re5 Kd5 1-0

[Event "Kwalificatie NJK B Groningen"]
[Site "Hoogkerk, Netherlands"]
[Date "2023.02.18"]
[Round "2.1"]
[White "Waersegers, Brent"]
[Black "Terlouw, Wouter"]
[Result "0-1"]
[TimeControl "55 min. + 10 sec./zet"]
[WhiteElo "1702"]
[BlackElo "1925"]

1. e4 c5 2. Nf3 Nc6 3. c3 Nf6 4. e5 Nd5 5. Qb3 e6 6. d4 cxd4 7. cxd4 d6 8. g3 dxe5 9. Nxe5 Bd7 10. Qxb7 Nxe5 11. dxe5 Nb4 12. Na3 Bc6 13.
Bb5 Rc8 14. Bxc6+ Nxc6 15. O-O Nxe5 16. Bf4 Qd7 17. Qb3 Bd6 18. Rfd1 Qc6 19. Rac1 Nf3+ 20. Kh1 Bc5 21. Rxc5 Qxc5 22.
Qxf3 Qc6 23. Qxc6+ Rxc6 24. Nb5 O-O 25. Nxa7 Ra6 26. Nb5 Rxa2 27. Be5 Ra5 28. Bd6 Rxb5 29. Bxf8 Kxf8 30. Rd2 Ke7 31. Kg2 e5 32. Kf3 f5 33. Ke2 e4 34. Ke3 g5 35. Kd4 Ke6 36. Kc4 Rb7 37. b4 f4 38. Kc5 Kf5 39. b5 e3 40. fxe3 fxe3 41. Re2 Ke4 42.
Kc6 Rf7 43. b6 Kd3 44. Re1 Kd2 45. Rb1 e2 46. b7 Rxb7 47.
Kxb7 e1=Q 48. Rxe1 Kxe1 49. Kc6 Kf2 50. Kd5 Kg2 51. Ke4 Kxh2 52. Kf5 h6 0-1

[Event "Kwalificatie NJK B Groningen"]
[Site "Hoogkerk, Netherlands"]
[Date "2023.02.18"]
[Round "2.2"]
[White "Van Hesselingen, Guido"]
[Black "Kleibeuker, Mika"]
[Result "0-1"]
[TimeControl "55 min. + 10 sec./zet"]
[WhiteElo "1908"]
[BlackElo "1698"]

1. e4 c6 2. d4 d5 3. e5 Bf5 4. Nf3 e6 5. Be2 Nd7 6. O-O h6 7. Nbd2 Ne7 8. c4 dxc4 9. Nxc4 Nd5 10. Ne3 Bg6 11. Nxd5 cxd5 12.
Qb3 Qb6 13. Bb5 Qd8 14. Bd2 Be7 15. Rac1 O-O 16. Rc3 a6 17. Be2 b5 18. a4 b4 19. Rc6 Nb8 20. Rcc1 a5 21. Bb5 Ra7 22.
Ne1 Qb6 23. Be3 Rc7 24. Nd3 Nc6 25. Nf4 Bf5 26. Bd3 Bxd3 27. Qxd3 Rfc8 28. Nh5 Bf8 29. f4 Ne7 30. Rxc7 Qxc7 31.
Rc1 Qd7 32. Rxc8 Qxc8 33. Kf2 Qc4 34. Ke2 Nf5 35. g4 Nxe3 36. Kxe3 Qc1+ 37. Qd2 Qg1+ 38. Kf3 b3 39. Qxa5 Qxd4 40.
Qb5 Qxb2 41. a5 Qc3+ 42.
Kf2 b2 0-1

[Event "Kwalificatie NJK B Groningen"]
[Site "Hoogkerk, Netherlands"]
[Date "2023.02.18"]
[Round "2.3"]
[White "Etienne, Ghilon"]
[Black "Van Arendonk, Polle"]
[Result "1-0"]
[TimeControl "55 min. + 10 sec./zet"]
[WhiteElo "1673"]
[BlackElo "1906"]

1. e4 e5 2. Nf3 Nc6 3. d4 exd4 4. Nxd4 Bc5 5. Be3 Qf6 6.
c3 Nge7 7. Be2 Qg6 8. O-O O-O 9. Nxc6 Qxc6 10. Bxc5 Qxc5 11. Nd2 Ng6 12. Nb3 Qg5 13. Qd5 Qf6 14. Qd2 Nf4 15. Bf3 d6 16.
Rfe1 Re8 17. Re3 Qg5 18. Kh1 Re6 19. g3 Ng6 20. Re2 Qf6 21. Bg2 Re7 22. Ree1 Bg4 23. f4 Rae8 24. Qd4 a6 25.
Nd2 Bd7 26. Re3 Bc6 27. Rae1 Nf8 28. Nb3 Qe6 29. Kg1 Nd7 30. R1e2 Nf6 31. h3 Nh5 32. Kh2 Qf6 33. Re1 Qg6 34.
Nd2 Qe6 35. b3 Qh6 36. e5 Bxg2 1-0

[Event "Kwalificatie NJK B Groningen"]
[Site "Hoogkerk, Netherlands"]
[Date "2023.02.18"]
[Round "2.4"]
[White "Ritzerveld, Noah"]
[Black "Tangarife Ramirez, Katja"]
[Result "1-0"]
[TimeControl "55 min. + 10 sec./zet"]
[WhiteElo "1868"]
[BlackElo "1678"]

1. e4 c6 2. d4 d5 3. Nc3 dxe4 4. Nxe4 Bf5 5. Ng3 Bg6 6. h4 h6 7. h5 Bh7 8. Nf3 e6 9. Bd3 Bxd3 10.
Qxd3 Nf6 11. Be3 Bb4+ 12. c3 Bd6 13. Ne4 Be7 14. O-O-O Nbd7 15. Kb1 Nxe4 16. Qxe4 Nf6 17. Qd3 O-O 18.
Ne5 Nd5 19. f4 Bd6 20. g4 Nxe3 21. Qxe3 Qe7 22. g5 Bxe5 23. dxe5 hxg5 24. fxg5 Rfd8 25. Rdg1 Qd7 26. Kc2 c5 27.
g6 c4 28. gxf7+ Qxf7 29. h6 Qf5+ 30. Kc1 Rd7 31. hxg7 Rxg7 32. Qh6 Qxe5 33. Qh8+ Kf7 34. Rxg7+ Qxg7 35. Rf1+ 1-0

[Event "Kwalificatie NJK B Groningen"]
[Site "Hoogkerk, Netherlands"]
[Date "2023.02.18"]
[Round "2.5"]
[White "Roorda, Cas"]
[Black "Krylov, Philippe"]
[Result "1/2-1/2"]
[TimeControl "55 min. + 10 sec./zet"]
[WhiteElo "1654"]
[BlackElo "1862"]

1. e4 c6 2. d4 d5 3. e5 Bf5 4. h4 h5 5. Bd3 Bxd3 6.
Qxd3 Qa5+ 7. Nd2 e6 8. Ngf3 Qa6 9. c4 Nd7 10. O-O Nb6 11. b3 c5 12. a4 dxc4 13. bxc4 Rd8 14. a5 Nd7 15. Ba3 Ne7 16. Rfd1 Nc6 17.
Ne4 Ndxe5 18. Nxe5 Nxe5 19. Qg3 Nxc4 20. Nxc5 Qc6 21. d5 Qd6 22.
Qxd6 Bxd6 23. dxe6 Nxa3 24. Nxb7 1/2-1/2

[Event "Kwalificatie NJK B Groningen"]
[Site "Hoogkerk, Netherlands"]
[Date "2023.02.18"]
[Round "2.6"]
[White "Van Foreest, Nanne"]
[Black "Haque, Nishaaz"]
[Result "0-1"]
[TimeControl "55 min. + 10 sec./zet"]
[WhiteElo "1862"]
[BlackElo "1669"]

1. e4 c5 2. c3 Nf6 3. e5 Nd5 4.
d4 cxd4 5. Nf3 Nc6 6. Bc4 Nb6 7. Bb3 d5 8.
exd6 Qxd6 9. O-O Be6 10. Qe2 d3 11. Qe4 Bxb3 12. axb3 Qd5 13. Qxd5 Nxd5 14. Rd1 e6 15. Rxd3 Be7 16.
b4 Bf6 17. Na3 O-O 18. Bd2 Rad8 19. Nb5 a6 20. Nbd4 Ndxb4 21. cxb4 Nxd4 22. Ne1 Nc2 23. Rxd8 Rxd8 24. Nxc2 Rxd2 25. Ne3 Bxb2 26. Rb1 Bd4 27.
b5 axb5 28. Rxb5 Rb2 29. Rxb2 Bxb2 30. Nc4 Bd4 31. Nd6 b6 32. Kf1 Kf8 33. Ke2 Ke7 34. Nb5 Bc5 35. f3 Kd7 36. Kd3 Kc6 37. Kc4 h5 38. Nc3 Kd6 39.
Ne4+ Ke5 40. Ng3 h4 41.
Ne2 g5 42. Kd3 f5 43. Kc4 g4 44. h3 Kf6 45. fxg4 fxg4 46. Kd3 Kf5 47. hxg4+ Kxg4 48. Ke4 b5 49. Nf4 e5 50. Ng6 Bd4 51. Kd3 Kg5 52. Ne7 Kf6 53. Nd5+ Kf5 54. Ne7+ Kg4 55. Ng6 Kg3 56. Ke4 Bf2 57. Kxe5 Kxg2 58. Nf4+ Kg3 59.
Ne2+ Kg4 60. Nf4 h3 61. Nxh3 Kxh3 62. Kd5 b4 63. Kc4 Bc5 64. Kb3 Kg3 65.
Kc2 Kf3 66. Kb3 Ke3 67. Kc2 Ke2 68. Kb3 Kd3 69. Kb2 Kc4 70. Kc2 b3+ 71. Kb1 Ba3 72. Ka1 0-1

[Event "Kwalificatie NJK B Groningen"]
[Site "Hoogkerk, Netherlands"]
[Date "2023.02.18"]
[Round "2.7"]
[White "Westerhof, Fleur"]
[Black "Niemeijer, LÃ©on"]
[Result "1/2-1/2"]
[TimeControl "55 min. + 10 sec./zet"]
[WhiteElo "1623"]
[BlackElo "1860"]

1. e4 e6 2. d4 d5 3. e5 c5 4. c3 Nc6 5. Nf3 Bd7 6. a3 c4 7. g3 Na5 8. Nbd2 Bc6 9. Bg2 Qd7 10. O-O Ba4 11. Qe2 Nb3 12. Nxb3 Bxb3 13. Be3 Ne7 14. Rfc1 a5 15. Nd2 a4 16. Nxb3 axb3 17. Rf1 b5 18.
Bg5 Ng6 19. Be3 h6 20. f4 Ne7 21. Qf3 g6 22. g4 h5 23. h3 hxg4 24. hxg4 Bh6 25. Bc1 Kd8 26. Bh3 Kc7 27. Rb1 Rh7 28. Bg2 Rah8 29. Be3 Rg8 30.
Bc1 Kd8 31. Ra1 Kc7 32. Rb1 Rgh8 33. Be3 Rg8 34. Bc1 1/2-1/2

[Event "Kwalificatie NJK B Groningen"]
[Site "Hoogkerk, Netherlands"]
[Date "2023.02.18"]
[Round "2.8"]
[White "Snijders, Take"]
[Black "Fallaux, Storm"]
[Result "1-0"]
[TimeControl "55 min. + 10 sec./zet"]
[WhiteElo "1848"]
[BlackElo "1643"]

1. e4 c5 2. Nf3 d6 3. d4 cxd4 4. Nxd4 Nf6 5. Nc3 a6 6. Bg5 e5 7. Nf5 Be6 8. Qd2 Nc6 9. O-O-O Bxf5 10. exf5 Qc7 11. Bxf6 gxf6 12. Ne4 O-O-O 13. Nxf6 Nd4 14. Bd3 h5 15. Nd5 Qc5 16. Qc3 Bh6+ 17. Kb1 Qxc3 18. bxc3 Nc6 19. Be4 Bg5 20. h4 Bh6 21. Rdg1 Bf8 22. g4 hxg4 23. Rxg4 Ne7 24. Nxe7+ Bxe7 25. Bd5 Rdf8 26. Rb4 b5 27. c4 Rh5 28.
cxb5 axb5 29. Rxb5 Rxh4 30. Rxh4 Bxh4 31. f3 Bf2 32. a4 Rg8 33.
Kb2 Bd4+ 34. c3 Rg2+ 35. Kb3 Bc5 36. Bxf7 Rg1 37.
Kc4 Ra1 38. a5 Ra4+ 39. Kd3 Rf4 40.
Bd5 Kd8 41. Be4 Ke7 42. a6 Bf2 43.
a7 Bxa7 44. Rb7+ Kf6 45. Rxa7 d5 46. Bxd5 Kxf5 47. Rf7+ Kg5 48. Rxf4 exf4 49. Ke4 Kh5 50. c4 Kh4 51. c5 Kh5 52. c6 Kg5 53. c7 Kf6 54. c8=Q Kg5 55. Qg4+ Kf6 56. Qxf4+ Kg7 57. Qf7+ Kh6 58. Qg8 Kh5 59. Kf5 Kh6 60. Qg6+ 1-0

[Event "Kwalificatie NJK B Groningen"]
[Site "Hoogkerk, Netherlands"]
[Date "2023.02.18"]
[Round "2.9"]
[White "Lee, Jungmin"]
[Black "Ambrona Navarro, Himar"]
[Result "1-0"]
[TimeControl "55 min. + 10 sec./zet"]
[WhiteElo "1600"]
[BlackElo "1847"]

1. d4 Nf6 2. c4 g6 3. Nf3 Bg7 4. g3 O-O 5. Bg2 d6 6. O-O Nbd7 7. Bf4 Nh5 8. Bc1 e5 9. e3 e4 10. Nfd2 f5 11. Qc2 c5 12. b3 cxd4 13. exd4 Bxd4 14. Bb2 Bxb2 15. Qxb2 Qf6 16. Nc3 Nc5 17. Qc2 Nd3 18. Ndxe4 fxe4 19. Nxe4 Qd4 20.
Rad1 Nb4 21. Qb1 Qe5 22. Rfe1 Qa5 23. Qc1 Bf5 24. Nxd6 Qc7 25. Qc3 Nd3 26. Bd5+ Qf7 27. Bxf7+ Rxf7 28. Nxf7 Kxf7 29. Rxd3 1-0

[Event "Kwalificatie NJK B Groningen"]
[Site "Hoogkerk, Netherlands"]
[Date "2023.02.18"]
[Round "3.1"]
[White "Terlouw, Wouter"]
[Black "Etienne, Ghilon"]
[Result "1-0"]
[TimeControl "55 min. + 10 sec./zet"]
[WhiteElo "1925"]
[BlackElo "1673"]

1. d4 Nf6 2. c4 g6 3. f3 Bg7 4. e4 d6 5. Nc3 O-O 6. Be3 e5 7. d5 a5 8. Qd2 Ne8 9. g4 Qh4+ 10. Bf2 Qe7 11.
Nge2 Na6 12. Nc1 Bd7 13. Nd3 Nc5 14. O-O-O a4 15. h4 a3 16. b3 b6 17. Be3 f6 18.
Kb1 c6 19. Nxc5 dxc5 20. dxc6 Bxc6 21. Nd5 Qb7 22. h5 g5 23. Bd3 h6 24. Kc2 Rf7 25. Rb1 Bf8 26. Rhc1 Qa7 27. Kd1 Qa5 28. Qf2 Rd8 29. Ke2 Nc7 30.
Kf1 Ne6 31. b4 Qa7 32. bxc5 bxc5 33. Rc3 Rb8 34. Rxb8 Qxb8 35. Rxa3 Bxd5 36. exd5 Nf4 37. Bxf4 exf4 38. Rb3 Qe5 39. Bf5 Ra7 40. Qb2 Qd6 41. Rb6 Qe5 42. Qxe5 fxe5 43. d6 Rxa2 44. Rb8 Rd2 45.
d7 e4 46. fxe4 f3 47. d8=Q Rxd8 48. Rxd8 Kf7 49. Bg6+ Kg7 50. e5 f2 51. e6 Kf6 52. Rxf8+ Kxe6 53. Kxf2 Ke7 54. Re8+ Kf6 55. Ke3 Kg7 56. Ke4 Kf6 57.
Re5 Kg7 58. Re7+ Kf6 59. Re5 Kg7 60. Kf5 Kf8 61. Kf6 Kg8 62. Re8# 1-0

[Event "Kwalificatie NJK B Groningen"]
[Site "Hoogkerk, Netherlands"]
[Date "2023.02.18"]
[Round "3.2"]
[White "Knippenberg, Hidde"]
[Black "Ritzerveld, Noah"]
[Result "0-1"]
[TimeControl "55 min. + 10 sec./zet"]
[WhiteElo "1721"]
[BlackElo "1868"]

1. b3 e5 2. Bb2 Nc6 3. e3 d5 4.
Bb5 Bd6 5. f4 Qe7 6. Nf3 f6 7. fxe5 fxe5 8. Nxe5 Bxe5 9. Bxc6+ Kd8 10. d4 Bg3+ 11. Kd2 Bf2 12. Qf3 Bxe3+ 13. Qxe3 Qxe3+ 14. Kxe3 bxc6 15. Nc3 Nf6 16. h3 Re8+ 17. Kd2 Bf5 18. Rhe1 Be4 19. Re2 h6 20. Rae1 Ke7 21. Nxe4 Nxe4+ 22. Rxe4+ dxe4 23. Rxe4+ Kd7 24. Rxe8 Rxe8 25. Ba3 Re4 26. Kd3 Re6 27. Bc5 a6 28. a4 h5 29. Kc4 Re2 30. g4 hxg4 31.
hxg4 Rxc2+ 32. Kb4 Kc8 33. g5 Rg2 34. Ka5 Rxg5 35. Kxa6 Rg3 36. b4 Ra3 37. a5 Ra2 38. b5 cxb5 39.
Kxb5 Kb7 40. Be7 g6 41. Bf6 c6+ 42. Kb4 Rf2 43. Be7 Rf5 44. Bd6 g5 45. Be5 g4 46. Kc5 g3 47. a6+ Kxa6 48. Kxc6 Rxe5 49. dxe5 g2 50. e6 g1=Q 51. e7 Qe3 52. Kd7 Qd4+ 53. Kc8 Qc5+ 54.
Kd7 Qd5+ 55. Kc8 Qe6+ 56. Kd8 Qd6+ 57. Ke8 Kb7 58. Kf7 Qf4 59. Kg6 Qe5 60. Kf7 Qf5 61. Ke8 Kc6 0-1

[Event "Kwalificatie NJK B Groningen"]
[Site "Hoogkerk, Netherlands"]
[Date "2023.02.18"]
[Round "3.3"]
[White "Kleibeuker, Mika"]
[Black "Snijders, Take"]
[Result "0-1"]
[TimeControl "55 min. + 10 sec./zet"]
[WhiteElo "1698"]
[BlackElo "1848"]

1. e4 c6 2. d4 d5 3. Nc3 dxe4 4. Nxe4 Nf6 5. Nxf6+ exf6 6. Nf3 Bd6 7. Be3 O-O 8. Bd3 Re8 9.
O-O Bg4 10. c3 Nd7 11. h3 Bh5 12. Re1 Nf8 13. Be2 Ne6 14. Qd2 f5 15. Ne5 Bxe2 16. Rxe2 f4 17. Bxf4 Nxf4 18. Qxf4 f6 19.
Rae1 fxe5 20. dxe5 Bc7 21. Qb4 Bb6 22. e6 Qe7 23. Qb3 Rf8 24. Kh1 Rf6 25. Rd2 Kh8 26. Rd7 Qe8 27. Rxb7 Rb8 28.
Rxb8 Qxb8 29. Qc4 Qe8 30. e7 h6 31. f3 Bc7 32. Re6 Bd6 33. Qxc6 Qxc6 34. e8=Q+ Qxe8 35. Rxe8+ Kh7 36. b4 Bg3 37. Rd8 Rc6 38. Rd3 Re6 39.
Rd1 Re2 40. Kg1 Rxa2 41. Rc1 Bf4 42. Rd1 Bd2 43. b5 Bxc3 44. Rd7 Rb2 45. Kf1 Rxb5 46. Rxa7 Rb1+ 47. Ke2 Rb2+ 48. Kd3 Bf6 49.
g3 Rg2 50. g4 Rg3 51. Ke4 Rxh3 52. f4 Kg6 53. Ra6 Rh1 54. Rc6 Ra1 55. Rc5 Ra4+ 56. Kf3 Ra6 57. Rb5 Ra4 58. Rd5 Kf7 59.
Rb5 Ke6 60. Rh5 Kd6 61. Rb5 Rc4 62. Rh5 Rc5 63. Rh1 Kd5 64. Rd1+ Kc4 65. Rd7 Rd5 66. Ra7 Kd3 67. Ra3+ Bc3 68.
f5 Kc4 69. Ra4+ Kb3 70. Ra6 Bf6 71. Rc6 Kb4 72. Rc2 Rd3+ 73. Ke4 Rg3 74. Kf4 Rg1 75. Rc6 Re1 76. Rc2 Rc1 77. Re2 Bg5 78.
Kf3 Rc3+ 79. Kg2 Re3 80.
Rb2+ Kc3 81. Rb7 Bf6 82. Rd7 Rd3 83. Rb7 Kd2 84. Kf2 Bd4 85. Kg2 Ke2 86. Re7+ Re3 87. Rb7 Be5 88. Rb5 Kd3 89.
Ra5 Ke4 90. Ra4+ Kd5 91. Ra5+ Kd6 92.
Ra6+ Ke7 93. Ra7+ Kf6 94. Ra6+ Kg5 95.
Rg6+ Kf4 96. Kf2 Rg3 97. Ra6 Rxg4 98. Ra4+ Kxf5 99. Ra8 h5 100. Rf8+ Kg5 101. Rh8 h4 102. Rh7 Kg6 103. Rh8 Bf6 104.
Kf3 Rg3+ 105. Kf2 Bd4+ 106. Kf1 h3 107. Rh4 Bf6 108. Rh8 Kf5 109. Kf2 Ra3 110. Kg1 g5 111. Kh1 Bxh8 0-1

[Event "Kwalificatie NJK B Groningen"]
[Site "Hoogkerk, Netherlands"]
[Date "2023.02.18"]
[Round "3.4"]
[White "Ponomarev, Ivan"]
[Black "Lee, Jungmin"]
[Result "1/2-1/2"]
[TimeControl "55 min. + 10 sec./zet"]
[WhiteElo "1801"]
[BlackElo "1600"]

1. c4 f5 2. g3 e6 3. Bg2 Nf6 4. Nc3 Be7 5. d4 O-O 6. Nf3 Ne4 7. Bd2 d6 8. O-O Qe8 9. Qc2 Nxc3 10.
Bxc3 Nd7 11. Rad1 Qh5 12. Nd2 Nf6 13. e4 fxe4 14. Nxe4 d5 15. cxd5 exd5 16. Nxf6+ Rxf6 17. f4 c6 18.
Rde1 Bd6 19. Bf3 Bg4 20. Qe2 Bxf3 21. Qxf3 Qg6 22. Qg2 Raf8 23. a3 Qg4 24. Kh1 Rg6 25. Qe2 Qh3 26. Qg2 Qf5 27.
Qd2 h5 28. Bb4 h4 29. Bxd6 Rxd6 30. Re5 Qh3 31. Qg2 Qg4 32. gxh4 Qxh4 33. Rg5 Rd7 34. Qg4 Qxg4 35. Rxg4 Re7 36. f5 Rf6 37. Rf2 Re4 38.
Rxe4 dxe4 39. Re2 Rxf5 40. Rxe4 Kf7 41. Kg2 Rd5 42. Kf3 Kf6 43. h4 a5 44. a4 b5 45. b3 bxa4 46. bxa4 g6 1/2-1/2

[Event "Kwalificatie NJK B Groningen"]
[Site "Hoogkerk, Netherlands"]
[Date "2023.02.18"]
[Round "3.5"]
[White "Haque, Nishaaz"]
[Black "Blom, Rens"]
[Result "0-1"]
[TimeControl "55 min. + 10 sec./zet"]
[WhiteElo "1669"]
[BlackElo "1758"]

1. e4 d6 2. d4 Nf6 3. Nc3 g6 4. Be2 Bg7 5. Nf3 O-O 6. O-O Nc6 7. h3 e5 8. dxe5 Nxe5 9. Nxe5 dxe5 10.
Qxd8 Rxd8 11. Be3 b6 12. f3 Bb7 13. Rad1 a6 14. Rxd8+ Rxd8 15. Rd1 Rxd1+ 16. Nxd1 Nh5 17. Bf1 Nf4 18. Nc3 Bf8 19. Bxf4 exf4 20. Nd5 Bc5+ 21. Kh1 Bd6 22. Nf6+ Kg7 23. Ne8+ Kh6 24. Bc4 Be5 25. Bxf7 Kg5 26. Bd5 Bc8 27. Bc6 Kh4 28. Kh2 Be6 29. b3 g5 30.
Bb7 Bd7 31. Nxc7 Bxc7 32. Bxa6 Be5 33. Be2 Bd4 34. c4 Bc5 35. Bd1 Bd6 36. Be2 Kh5 37. a4 Kg6 38. c5 Bxc5 39. Bc4 Kf6 40. g3 Bd6 41.
gxf4 Bxf4+ 42. Kg2 Be6 43. Bxe6 Kxe6 44. Kf2 Ke5 45. b4 Bd2 46. a5 bxa5 47.
bxa5 Bxa5 48. Kg3 h5 49. h4 Be1+ 50. Kg2 Bxh4 51. Kh3 Be1 52. Kg2 Kf4 53. Kf1 Bc3 54. Kf2 g4 55. fxg4 hxg4 56. Kg2 Kxe4 57. Kg3 Kf5 58. Kg2 Kf4 59. Kf2 g3+ 60.
Kg2 Kg4 61. Kg1 Kh3 0-1